 Dungeon Crawl Stone Soup version 0.27.1-4-g1640c2035a (webtiles) character file.

Game seed: 11591269100993856846

26 adizb the Shield-Bearer (level 2, -13/26 HPs)
             Began as a Minotaur Fighter on Nov 15, 2021.
             Mangled by a small abomination (20 damage)
             ... on level 1 of the Abyss.
             The game lasted 00:04:43 (675 turns).

adizb the Shield-Bearer (Minotaur Fighter)           Turns: 675, Time: 00:04:44

Health: -13/26     AC:  6    Str: 20    XL:     2   Next: 89%
Magic:  1/1        EV:  7    Int:  5    God:
Gold:   64         SH:  9    Dex:  9    Spells: 1/1 levels left

rFire    . . .     SeeInvis .   a - +0 war axe
rCold    . . .     Faith    .   c - +0 kite shield
rNeg     . . .     Spirit   .   b - +0 scale mail
rPois    .         Reflect  .   (helmet restricted)
rElec    .         Harm     .   (no cloak)
rCorr    .         Rampage  .   (no gloves)
Will     .....                  (no boots)
Stlth    ..........             (no amulet)
HPRegen  0.08/turn              (no ring)
MPRegen  0.07/turn              (no ring)

@: about to teleport
A: horns 2, retaliatory headbutt
a: no special abilities


You were on level 1 of the Abyss.
You visited 1 branch of the dungeon, and saw 1 of its levels.
You visited the Abyss 1 time.

You collected 64 gold pieces.

Inventory:

Hand Weapons
 a - a +0 war axe (weapon)
Missiles
 e - 4 boomerangs (quivered)
Armour
 b - a +0 scale mail (worn)
 c - a +0 kite shield (worn)
Potions
 d - a potion of might
 g - a potion of brilliance {unknown}
 h - a potion of curing {unknown}


   Skills:
 - Level 3.6 Fighting
 * Level 3.7 Axes
 - Level 3.6 Armour
 + Level 4.1 Shields


You had one spell level left.
You didn't know any spells.
Your spell library was empty.

Dungeon Overview and Level Annotations

Branches:
Dungeon (1/15)

Altars:


Innate Abilities, Weirdness & Mutations

You have a pair of horns on your head.
You reflexively headbutt those who attack you in melee.


Message History

The kobold hits you with a +0 dagger of distortion.
You are cast into the Abyss!
To return, you must find a gate leading back.
Killing monsters will force the Abyss to allow you passage.
This branch contains the abyssal rune of Zot.
Found a trident.
Found a gateway leading deeper into the Abyss.
Found 25 gold pieces.
Found 39 gold pieces.
You now have 25 gold pieces.
You now have 64 gold pieces (gained 39).
Found a gateway leading deeper into the Abyss.
A thrashing horror comes into view.
The thrashing horror roars!
The thrashing horror barely misses you. The thrashing horror tramples you.
You hold your ground!
A tentacled starspawn comes into view.
Tentacles burst from the starspawn's body! 2 starspawn tentacles come into view.
You block the starspawn tentacle's attack.
A tentacle flies out from the starspawn's body!
A starspawn tentacle comes into view.
The starspawn tentacle grabs you. The starspawn tentacle constricts you.
You escape the starspawn tentacle's grasp.
A small abomination comes into view.
You closely miss the small abomination.
You block the small abomination's attack.
You hit the small abomination but do no damage.
The small abomination hits you!
Ouch! That really hurt!
* * * LOW HITPOINT WARNING * * *
A wraith comes into view.
You block the small abomination's attack.
The wraith moves out of view.
As you read the scroll labelled HUSTRE COSTI, it crumbles to dust.
You feel strangely unstable.
You feel the power of the Abyss delaying your translocation!
It was a scroll of teleportation.
The small abomination hits you!!
Ouch! That really hurt!
You die...

# .# ... ##..
####.. #@#.# .
##x.## #.##
.#..##.# ...ยง.
....## .# .#.#.
##.#.#...###.....
#....##.... ##
... ...#.... .#
.# ##.#...####..
.......#.....# .


You could see a small abomination.

Vanquished Creatures
  A dart slug (D:1)
  3 ball pythons (D:1)
  2 endoplasms (D:1)
  2 giant cockroaches (D:1)
  3 goblins (D:1)
  3 jackals (D:1)
  A quokka (D:1)
  2 bats (D:1)
  A frilled lizard (D:1)
  2 kobolds (D:1)
  2 rats (D:1)
22 creatures vanquished.

Vanquished Creatures (others)
  4 starspawn tentacles (Abyss:1)
4 creatures vanquished.

Grand Total: 26 creatures vanquished

Notes
Turn   | Place    | Note
-------+----------+-------------------------------------------
     0 | D:1      | adizb the Minotaur Fighter began the quest for the Orb.
     0 | D:1      | Reached XP level 1. HP: 19/19 MP: 0/0
   169 | D:1      | Reached XP level 2. HP: 26/26 MP: 1/1
   364 | D:1      | Reached skill level 4 in Shields
   579 | D:1      | Cast into level 1 of the Abyss (kobold)
   639 | Abyss:1  | Noticed a thrashing horror
   643 | Abyss:1  | Noticed a tentacled starspawn
   667 | Abyss:1  | Noticed a small abomination
   674 | Abyss:1  | Noticed a wraith
   675 | Abyss:1  | Mangled by a small abomination

Illustrated notes

Levels and vault maps discovered:
D:1:      dpeg_arrival_yet_another_circle, layout_basic, minivault_24
Abyss:1:  base:
D:1

Skill      XL: |  1  2 |
---------------+-------+-----
Axes           | 3 |  3.7
Shields        | 4 |  4.1
Fighting       | |  3.6
Armour         | |  3.6

Action                   || total
-------------------------++-------
Melee: War axe           ||    40
       Headbutt          ||     3
  Use: Scroll            ||     1
Armor: Scale mail        ||    19
Dodge: Dodged            ||    13
Block: Kite shield       ||    21
